Cogmind - Beta 9.5 @@@ ROGUE MODE // 2020.04.09 @ 20:08:49 Player: V_ Result: Destroyed by Y-45 Defender with Beam Rifle Performance ------------- Evolutions (2) 1000 Regions Visited (5) 1000 Robots Destroyed (40) 200 Value Destroyed (732) 732 Prototype IDs (0) 0 Alien Tech Used (0) 0 Bonus (-113) -113 TOTAL SCORE: 2819 Bonus ------- Follower Combat Kills 35 Friendly Fire -148 Cogmind --------- Core Integrity 0/550 Matter 294/300 Energy 60/100 System Corruption 1% Temperature Cool (10) Movement Walking (120) Location -8/Materials Parts ------- > --- POWER (1) -------- (None) > --- PROPULSION (6) --- Improved Aluminum Leg > --- UTILITY (2) ------ (None) > --- WEAPON (2) ------- Flail > --- INVENTORY (4) ---- Datajack Peak State ------------ > --- POWER ------------ Light Nuclear Core > --- PROPULSION ------- Aluminum Leg Improved Aluminum Leg Carbon-fiber Leg Carbon-fiber Leg Titanium Leg > --- UTILITY ---------- Makeshift Cloaking Device Hardened Medium Armor Plating > --- WEAPON ----------- Improved Light Cannon > --- INVENTORY -------- Datajack Mining Laser Flail [Rating: 25] Favorites ----------- Power Light Ion Engine Engine Light Ion Engine Power Core Nuclear Core Propulsion Aluminum Leg Treads Light Treads Leg Aluminum Leg Wheel Wheel Flight Unit Flight Unit Utility Improved Melee Analysis Suite Device Heat Sink Storage Medium Matter Pod Processor Improved Melee Analysis Suite Protection Hardened Medium Armor Plating Weapon Improved Light Cannon Energy Gun Medium Laser Ballistic Gun Assault Rifle Ballistic Cannon Improved Light Cannon Special Weapon Mining Laser Impact Weapon Flail Slashing Weapon Chainsword Special Melee Weapon Datajack Build | -11 -10 -10 -10 -9 -8 ------- Run | Scr Mat Min Exi Min Mat Slots Evolved 4 | . . . . . 4 Power . | . . . . . . Propulsion 4 | . . . . . 4 Utility . | . . . . . . Weapon . | . . . . . . Parts Attached 57 | 8 12 3 . 10 24 Power 7 | 1 1 1 . . 4 Engine 5 | 1 1 1 . . 2 Core 2 | . . . . . 2 Reactor . | . . . . . . Propulsion 19 | 2 3 2 . 3 9 Treads 2 | . . . . . 2 Leg 10 | 2 3 . . . 5 Wheel 4 | . . . . 2 2 Hover . | . . . . . . Flight 3 | . . 2 . 1 . Utility 10 | 2 2 . . 2 4 Device 3 | 1 1 . . . 1 Storage 1 | . 1 . . . . Processor 4 | 1 . . . 2 1 Hackware . | . . . . . . Protection 2 | . . . . . 2 Artifact . | . . . . . . Weapon 21 | 3 6 . . 5 7 Energy Gun 3 | 2 1 . . . . Energy Cannon . | . . . . . . Ballistic Gun 3 | 1 1 . . . 1 Ballistic Cannon 4 | . 2 . . 1 1 Launcher . | . . . . . . Special Weapon 3 | . 2 . . . 1 Impact Weapon 2 | . . . . . 2 Slashing Weapon 5 | . . . . 4 1 Piercing Weapon . | . . . . . . Special Melee Weapon 1 | . . . . . 1 Unidentified Prototypes . | . . . . . . Parts Lost 25 | . 2 . . 2 21 Power 5 | . 1 . . . 4 Propulsion 12 | . 1 . . 1 10 Utility 4 | . . . . 1 3 Weapon 4 | . . . . . 4 Highest Loss Streak 6 | . 2 . . 2 6 Average Slot Usage (%) 77 | . 97 91 71 81 63 Engine 10 | . 13 14 14 14 2 Leg 12 | . 27 16 . . 20 Wheel 7 | . . . . 13 9 Flight 7 | . . 5 28 12 . Device 7 | . 13 14 14 5 1 Storage 1 | . 1 12 . . . Processor 10 | . 11 . . 16 9 Protection 1 | . . . . . 3 Ballistic Gun 1 | . 6 . . . 2 Ballistic Cannon 10 | . 10 27 14 9 5 Slashing Weapon 2 | . . . . 8 . Naked Turns . | . . . . . . Heaviest Build 22 | 8 14 14 8 10 22 Greatest Support 70 | 20 20 20 8 20 70 Greatest Overweight (x) 4 | 2 . 4 . 2 2 Average Overweight (x) . | . . . . . . Largest Inventory Capacity 4 | 4 4 4 4 4 4 Average Capacity 4 | 4 4 4 4 4 4 Most Carried 4 | 4 4 4 4 4 4 Average Carried 3 | 2 3 3 4 3 3 Final Capacity 4 | 4 4 4 4 4 4 Final Carried 4 | 4 4 4 4 4 1 Class Distribution -------------------- 55% | Mutant 44% | Scavenger-Mutant Dominant Class ---------------- Scavenger-Mutant | -10/Materials Mutant | -10/Mines Scavenger-Mutant | -10/Exiles Mutant | -9/Mines Mutant | -8/Materials Resources | -11 -10 -10 -10 -9 -8 ----------- Run | Scr Mat Min Exi Min Mat Matter Collected 1058 | 295 130 136 . 152 345 Remotely . | . . . . . . Salvage Created 1092 | 156 253 138 . 82 463 Parts 74 | 10 11 18 . 9 26 Haulers Intercepted 1 | . . . . . 1 Recyclers Shooed 2 | 1 . 1 . . . Parts Field Recycled . | . . . . . . Retrieved Matter . | . . . . . . Parts Self-Destructed . | . . . . . . Prevented . | . . . . . . Kills | -11 -10 -10 -10 -9 -8 ------- Run | Scr Mat Min Exi Min Mat Combat Hostiles Destroyed 18 | . 5 3 . 1 9 Melee 3 | . . . . 1 2 Guns 6 | . 4 . . . 2 Cannons 8 | . 1 3 . . 4 Classes Destroyed 10 | 2 2 2 . 2 2 Worker 5 | . . . . 2 3 Builder 5 | . . 4 . . 1 Tunneler 6 | 3 . . . 3 . Hauler 1 | . . . . . 1 Recycler 3 | 1 1 1 . . . Operator 1 | . 1 . . . . Swarmer 5 | . . 3 . . 2 Grunt 10 | . 5 . . . 5 Sentry 2 | . . . . . 2 Demolisher 1 | . . . . 1 . Thug 1 | . . . . . 1 Best Kill Streak 5 | 4 5 4 . 3 4 Combat Bots Only 3 | . 2 2 . 1 3 Max Kills in Single Turn 2 | 2 1 2 . 1 1 Gunslinging . | . . . . . . Exploded . | . . . . . . Melee 1 | . . . . 1 1 Uniques/NPCs Destroyed . | . . . . . . Combat | -11 -10 -10 -10 -9 -8 -------- Run | Scr Mat Min Exi Min Mat Damage Taken 2807 | . 324 110 . 129 2244 Core 682 | . 60 8 . 59 555 Absorbed by Shields . | . . . . . . Core Remaining (%) 74 | 100 . . . 49 . Volleys Fired 87 | 5 23 14 . 4 41 Largest 2 | 2 2 2 . 1 2 Hottest 200 | 70 200 78 . 39 100 Shots Fired 143 | 10 46 28 . 4 55 Gun 66 | 10 42 . . . 14 Cannon 70 | . . 28 . 4 38 Launcher . | . . . . . . Special 7 | . 4 . . . 3 Kinetic 110 | 5 21 28 . 4 52 Thermal 33 | 5 25 . . . 3 Explosive . | . . . . . . Electromagnetic . | . . . . . . Robot Hit Streak 9 | 5 8 4 . 1 9 Robot Miss Streak 4 | 1 3 3 . 2 4 Penetration Max . | . . . . . . Secondary Targets . | . . . . . . Shots Hit Robots 106 | 6 28 15 . 8 49 Core Hits 49 | 5 11 8 . 5 20 Critical Hits 1 | . . . . . 1 Critical Kills 1 | . . . . . 1 Critical Parts Destroyed . | . . . . . . Melee Attacks 29 | . . . . 10 19 Impact 16 | . . . . . 16 Slashing 13 | . . . . 10 3 Piercing . | . . . . . . Sneak Attacks 5 | . . . . 4 1 Combat Hostiles . | . . . . . . Follow-up Attacks . | . . . . . . Damage Inflicted 2680 | 91 411 282 . 654 1242 Guns 613 | 91 363 . . . 159 Cannons 906 | . . 282 . 66 558 Explosions . | . . . . . . Melee 1075 | . . . . 588 487 Ramming 14 | . . . . . 14 Kinetic 1304 | 27 212 282 . 66 717 Thermal 287 | 64 199 . . . 24 Explosive . | . . . . . . Electromagnetic . | . . . . . . Impact 307 | . . . . . 307 Slashing 768 | . . . . 588 180 Piercing . | . . . . . . Highest Corruption 1 | . . . . . 1 Average Corruption 1 | . . . . . 1 Corruption Purged . | . . . . . . Effects 3 | . . . . . 3 Message Errors 2 | . . . . . 2 Data Loss (minor) 1 | . . . . . 1 Overload Shots . | . . . . . . Overflow Damage 353 | . . . . 256 97 Projectiles . | . . . . . . Explosions . | . . . . . . Melee 353 | . . . . 256 97 Knockbacks 11 | . . 1 . . 10 Impact . | . . . . . . Kinetic 9 | . . 1 . . 8 Secondary 2 | . . . . . 2 Self-Inflicted Damage 4 | . . . . . 4 Shots . | . . . . . . Rammed 8 | . 1 . . . 7 Targets Rammed 9 | . 1 . . . 8 Kicked 1 | . . . . . 1 Crushed . | . . . . . . Highest Temperature 171 | 45 171 . . . 167 Average Temperature 67 | 23 65 . . . 79 Received Heat Transfer 1059 | . 186 . . . 873 Siege Activations . | . . . . . . Robots Corrupted . | . . . . . . Combat Hostiles . | . . . . . . Parts Fried 2 | . . . . . 2 Impact Corruptions 2 | . . . . . 2 Robots Melted . | . . . . . . Combat Hostiles . | . . . . . . Parts Melted . | . . . . . . Heat Transferred 779 | 185 544 . . . 50 Parts Sabotaged . | . . . . . . Parts Stolen . | . . . . . . Parts Stripped . | . . . . . . Power Chain Reactions . | . . . . . . Missiles Intercepted . | . . . . . . Alert | -11 -10 -10 -10 -9 -8 ------- Run | Scr Mat Min Exi Min Mat Peak Influence 163 | 20 163 158 . 44 95 Average Influence 46 | 9 111 128 . 11 36 Maximum Alert Level . | . . . . . . Low Security (%) 100 | 100 100 100 . 100 100 Level 1 . | . . . . . . Level 2 . | . . . . . . Level 3 . | . . . . . . Level 4 . | . . . . . . Level 5 . | . . . . . . High Security . | . . . . . . Max Security . | . . . . . . Squads Dispatched 3 | . 2 . . . 1 Investigation . | . . . . . . Extermination . | . . . . . . Reinforcement 3 | . 2 . . . 1 Assault . | . . . . . . Garrison . | . . . . . . Intercept . | . . . . . . Construction Impeded . | . . . . . . Haulers Reinforced . | . . . . . . Stealth | -11 -10 -10 -10 -9 -8 --------- Run | Scr Mat Min Exi Min Mat Distress Signals 2 | . 1 . . . 1 Communications Jammed . | . . . . . . Distress Signals . | . . . . . . Times Spotted 40 | . 9 3 . 5 23 Peak Tracking Total 10 | . 4 3 . 10 5 Tactical Retreats 4 | . . . . . 4 Traps | -11 -10 -10 -10 -9 -8 ------- Run | Scr Mat Min Exi Min Mat Traps Triggered 2 | . . . . 1 1 Indirectly . | . . . . . . Trap Hack Attempts . | . . . . . . Triggered . | . . . . . . Disarmed . | . . . . . . Reprogrammed . | . . . . . . Reused . | . . . . . . Traps Extracted . | . . . . . . Installed . | . . . . . . Triggered . | . . . . . . Machines | -11 -10 -10 -10 -9 -8 ---------- Run | Scr Mat Min Exi Min Mat Machines Disabled 1 | . . . . . 1 Max in Single Turn 1 | . . . . . 1 Machines Sabotaged . | . . . . . . Garrisons Compromised . | . . . . . . Overloaded Fab Kills . | . . . . . . Fab Network Shutdowns . | . . . . . . Hacking | -11 -10 -10 -10 -9 -8 --------- Run | Scr Mat Min Exi Min Mat Machines Accessed 3 | . 1 . 1 1 . Terminals 1 | . 1 . . . . Fabricators . | . . . . . . Repair Stations . | . . . . . . Recycling Units . | . . . . . . Scanalyzers . | . . . . . . Garrison Access . | . . . . . . Total Hacks 25 | . 1 . 23 1 . Successful 24 | . . . 23 1 . Failed 1 | . 1 . . . . Catastrophic . | . . . . . . Database Lockouts . | . . . . . . Manual . | . . . . . . Terminals 1 | . 1 . . . . Fabricators . | . . . . . . Repair Stations . | . . . . . . Recycling Units . | . . . . . . Scanalyzers . | . . . . . . Garrison Access . | . . . . . . Terminal Hacks 24 | . . . 23 1 . Record 23 | . . . 23 . . Open Door 1 | . . . . 1 . Fabricator Hacks . | . . . . . . Repair Station Hacks . | . . . . . . Recycling Unit Hacks . | . . . . . . Scanalyzer . | . . . . . . Garrison Access Hacks . | . . . . . . Unauthorized Hacks . | . . . . . . Terminals . | . . . . . . Fabricators . | . . . . . . Repair Stations . | . . . . . . Recycling Units . | . . . . . . Scanalyzers . | . . . . . . Garrison Access . | . . . . . . Data Cores Recovered . | . . . . . . Used . | . . . . . . Hacking Detections 1 | . 1 . . . . Full Trace Events . | . . . . . . Feedback Events . | . . . . . . Feedback Blocked . | . . . . . . Robot Schematics Acquired . | . . . . . . Robots Built . | . . . . . . Matter . | . . . . . . Time . | . . . . . . Total Robot Build Rating . | . . . . . . Part Schematics Acquired . | . . . . . . Parts Built . | . . . . . . Matter . | . . . . . . Time . | . . . . . . Total Part Build Rating . | . . . . . . Parts Repaired . | . . . . . . Time . | . . . . . . Parts Recycled . | . . . . . . Recycled Matter . | . . . . . . Retrieved Matter . | . . . . . . Retrieved Components . | . . . . . . Parts Scanalyzed . | . . . . . . Part Schematics Acquired . | . . . . . . Parts Damaged . | . . . . . . Bothacking | -11 -10 -10 -10 -9 -8 ------------ Run | Scr Mat Min Exi Min Mat Used RIF Installer . | . . . . . . Robots Hacked . | . . . . . . Non-combat . | . . . . . . Combat . | . . . . . . Robot Hacks Applied . | . . . . . . Relay Couplers Released . | . . . . . . Robots Rewired . | . . . . . . Allies Hacked . | . . . . . . Hacks Repelled . | . . . . . . Allies | -11 -10 -10 -10 -9 -8 -------- Run | Scr Mat Min Exi Min Mat Total Allies 3 | . . . . 3 . Largest Group 3 | . . . . 3 3 Highest-Rated Group 77 | . . . . 77 77 Highest-Rated Ally 31 | . . . . 31 31 Total Orders . | . . . . . . Ally Attacks 10 | . . . . . 10 Total Damage 166 | . . . . . 166 Kills 1 | . . . . . 1 Allies Corrupted . | . . . . . . Allies Melted . | . . . . . . Intel | -11 -10 -10 -10 -9 -8 ------- Run | Scr Mat Min Exi Min Mat Robot Analysis Total . | . . . . . . Derelict Logs Recovered 1 | . . . . 1 . Drone Launches . | . . . . . . Drone Recoveries . | . . . . . . Exploration | -11 -10 -10 -10 -9 -8 ------------- Run | Scr Mat Min Exi Min Mat Turns Passed 2208 | 180 341 157 274 615 641 Spaces Moved 2490 | 131 190 108 740 959 362 Core 41 | 27 . 4 . 4 6 Treads 12 | . . . . . 12 Legs 544 | 104 190 47 . . 203 Wheels 494 | . . . . 353 141 Hover . | . . . . . . Flight 1399 | . . 57 740 602 . Fastest Speed 37 | 50 120 37 37 37 50 Average Speed 68 | 112 120 96 37 58 106 Slowest Speed 280 | 150 120 280 37 150 160 Overloaded Moves . | . . . . . . Propulsion Burnouts . | . . . . . . Robots Hopped 2 | . . . . 2 . Cave-ins Triggered . | . . . . . . Exploration Rate (%) 42 | 4 33 18 81 99 17 Regions Visited 5 Branch Regions 3 Pre-discovered Areas 1 | . . . 1 . . Known Exits Taken . | . . . . . . Unknown Exits Taken 5 | 1 1 1 1 1 . Scrap Searched 1 | . . . . 1 . Spaces Dug . | . . . . . . Terrain Destroyed 3 | . . 3 . . . Melee . | . . . . . . Projectile 3 | . . 3 . . . AOE . | . . . . . . Actions | -11 -10 -10 -10 -9 -8 --------- Run | Scr Mat Min Exi Min Mat Total 2785 | 150 248 132 739 995 521 Wait 81 | . 11 3 . 7 60 Move 2481 | 130 189 107 739 954 362 Hop 2 | . . . . 2 . Pick Up 12 | 5 4 . . 2 1 Fast Attach 39 | 7 6 2 . 7 17 Attach 10 | 1 2 . . 3 4 Detach 9 | 1 1 . . 3 4 Swap 8 | . 4 1 . . 3 Drop 18 | 1 7 5 . 3 2 Fire 87 | 5 23 14 . 4 41 Melee 29 | . . . . 10 19 Ram 7 | . . . . . 7 Kick 2 | . 1 . . . 1 Crush . | . . . . . . Escape Stasis . | . . . . . . Rewire . | . . . . . . Trap . | . . . . . . Miscellaneous . | . . . . . . Route ------- -11/Scrapyard -10/Materials -10/Mines -10/Exiles (discovered 2 exits: *Min x2) -9/Mines (discovered 2 exits: [*Mat x2]) -8/Materials History --------- Turn | Location | Event 29 | -11/Scrapyard | Discovered new exit (range 15) 181 | -11/Scrapyard | Entered Materials 469 | -10/Materials | Discovered new exit (range 7) 522 | -10/Materials | Entered Mines 676 | -10/Mines | Deemed a non-threat by the Exiles lab entrance 676 | -10/Mines | Discovered new exit (range 5) 679 | -10/Mines | Entered Exiles 688 | -10/Exiles | Discovered new exit (range 15) 707 | -10/Exiles | Met 8R-AWN 717 | -10/Exiles | Met EX-HEX 773 | -10/Exiles | Met EX-DEC 785 | -10/Exiles | Visited The Gauntlet 857 | -10/Exiles | Learned location of Zion (-7) 886 | -10/Exiles | Discovered new exit (range 11) 953 | -10/Exiles | Entered Mines 966 | -9/Mines | Build established: Scavenger-Mutant 1008 | -9/Mines | Met a Derelict who couldn't figure out how to use a Trap Extractor 1049 | -9/Mines | Assembled infested the area 1187 | -9/Mines | Core integrity fell below 50% 1365 | -9/Mines | Learned Materials stockpile data 1439 | -9/Mines | Discovered new exit (range 5) 1458 | -9/Mines | Discovered new exit (range 5) 1461 | -9/Mines | Received a Mining Laser from a helpful Derelict 1473 | -9/Mines | Build established: Mutant 1568 | -9/Mines | Entered Materials 1568 | -8/Materials | Accompanied by 3 allies 1568 | -8/Materials | Evolved 4 slots: Propulsion x4 1576 | -8/Materials | Led the pair of lost Derelicts to an unsafe place 1787 | -8/Materials | Lost 3 parts (1p2n) 1805 | -8/Materials | Core integrity fell below 50% 1848 | -8/Materials | Lost 6 parts (1p4n1u) 1976 | -8/Materials | Core integrity fell below 20% 2117 | -8/Materials | Lost 3 parts (1p2w) 2165 | -8/Materials | Lost 3 parts (2n1u) 2209 | -8/Materials | Destroyed by Y-45 Defender with Beam Rifle Last Messages --------------- 02077_ Lgt. Nuclear Core destroyed. 02077_ U-05 Engineer lays Concrete. 02078_ F &TCR5ET06O>UCCURCJT 02079_ S-10 Pest destroyed. 02081_ U-05 Engineer lays Concrete. 02086_ Mining Laser destroyed. 02089_ Kicked U-05 Engineer out of the way. 02100_ System corrupted: Component data lost. 02114_ K-01 Serf collects debris. 02124_ Hrd. Medium Armor Plating destroyed. 02132_ Aluminum Leg destroyed. 02134_ Titanium Leg destroyed. 02134_ Destroyed Flight Unit. 02134_ S-10 Pest system corrupted by crushing effect. 02138_ S-10 Pest misfires. 02143_ S-10 Pest destroyed. 02145_ Acquired 14 matter. 02191_ Mak. Cloaking Device destroyed. 02201_ Carbon-fiber Leg destroyed. 02207_ GTD: 1P6EHXHSKX%9ETQEAY80MZ8T|HY432LGXN Map ----- +----------------------------------------------------+ | | | | | | | | | | | | | ???????????????????????????????????????????????? | | ???????????????????????????????????????????????? | | ???????????????????????????????????????????????? | | ???????????????????????????????????????????????? | | ???????????????????????????????????????????????? | | ???????????????????????????????????????????????? | | ???????????????????????????????????????????????? | | ???????????????????????????????????????????????? | | ???????????????????????????????????????????????? | | ???????????????????????????????????????????????? | | ???????????????????????????????????????????????? | | ?[?????????????????????????????????????????????? | | ???????????????????????????????????????????????? | | ???????????????????????????????????????????????? | | ???????????????????????????????????????????????? | | ???????????????????????????????????????????????? | | ???????????????????????????????????????????????? | | ???????????????????????????=#??????????????????? | | ?????????# ########### #??????????????????? | | ?????????# Y @/ " #??????????????????? | | ?????????# # T #??????????????????? | | ?????????# ######## #?? #??????????????????? | | ?????????????????????# #??????????????????????? | | ?????????????????????+ ##+###?????????????????? | | ?????????????????????# #?????????????????? | | ?????????????????????# +?????????????????? | | ?????????????????????## #?????????????????? | | ??????????????????????# #?????????????????? | | ??????????????????????# #?????????????????? | | ??????????????????????# #?????????????????? | | ??????????????????????# g ###########???????? | | ??????????????????????# /??????? | | ??????????????????????# ###?????????? | | ??????????????????????# #???????????? | | ??????????????????????# #???????????? | | ??????????????????????# ##########???????????? | | ??????????????????????# ########?#######?????? | | ??????????????????????# # #?# ####### | | ??????????????????????# # ### | | ???????########???????#^ # / | | ???????# #???????# # ### | | ???????# #???????# # #?# #### | | ???????# #???????# / #########????? | | ???????# #???????# #############%###????? | +----------------------------------------------------+ Best States ------------- Heat Dissipation 35 Energy Generation 18 Energy Capacity 240 Matter Stores 300 Matter Capacity 400 Sight Range 16 Terrain Scan Range 16 Terrain Scan Density 60 Cloak Strength 3 Armor Coverage 225 Evasion (%) 62 Targeting Accuracy 8 Melee Accuracy 6 Recoil Reduction 1 Item Schematics ----------------- None Robot Schematics ------------------ None Fabricated ------------ Nothing Alien Tech Used ----------------- None Achievements -------------- I Survived The Infestation Librarian Slippery One Challenges ------------ None Game ------ Seed FluxProtonBooster Manual? 0 Play Time 00:47:02 Cumulative 4.8 hours Start 2020.04.09 @ 19:20:48 End 2020.04.09 @ 20:08:49 Sessions 1 Manual Loads 0 Difficulty Rogue Special Mode None Game No. 13 Rogue 13 Adventurer 0 Explorer 0 Win Type - Total 0 Types 0/0/0/0/0/0/0 Lore% 10 Gallery% 11 Achievement% 10 Wizard Run 0 Options --------- ASCII 0 Keyboard 0 Movement Arrows Keybinds 0 Fullscreen 2 Font 24/Smallcaps Map View 76x50 Tactical HUD 1 Map Filters NONE Filters NONE Steam 1 RUN: ee8d06de-8c9d-4506-a51c-27c1cd705f19